 Dungeon Crawl Stone Soup version 0.27-a0-1525-g1038ab4fd7 (webtiles) character file.

Game seed: 9615612299190942496

7 nyamberluvr69 the Insei (level 2, 0/22 HPs)
             Began as a Djinni Transmuter on July 10, 2021.
             Slain by a goblin (4 damage)
             ... on level 1 of the Dungeon.
             The game lasted 00:00:45 (404 turns).

nyamberluvr69 the Insei (Djinni Transmuter)          Turns: 404, Time: 00:00:46

Health: 0/22       AC:  2    Str:  9    XL:     2   Next: 10%
Gold:   8          EV: 12    Int: 14    God:
                   SH:  0    Dex: 13

rFire    + + .     SeeInvis .     - Unarmed
rCold    x . .     Faith    .   (no shield)
rNeg     . . .     Spirit   .   a - +0 robe
rPois    ∞         Reflect  .   (helmet currently unavailable)
rElec    .         Harm     .   (no cloak)
rCorr    .         Rampage  .   (no gloves)
Will     .....                  (boots unavailable)
Stlth    +.........             (no amulet)
HPRegen  0.07/turn              (no ring)
MPRegen  0.00/turn              (no ring)

@: appendages (expiring), flying
A: horns 2, flying, sickness immunity, fire resistance 2, cold vulnerability 1,
float, innate caster, hp casting, extra vitality 1
a: End Transformation


You were on level 1 of the Dungeon.
You had temporarily grown beastly horns.
You visited 1 branch of the dungeon, and saw 1 of its levels.

You collected 8 gold pieces.

Inventory:

Armour
 a - a +0 robe (worn)
Scrolls
 b - 2 scrolls of teleportation {unknown}
 c - a scroll of fog {unknown}


   Skills:
 * Level 1.6 Fighting
 - Level 2.1 Dodging
 + Level 3.2 Unarmed Combat
 - Level 1.5 Spellcasting


You couldn't memorise any spells.
You knew the following spells:

 Your Spells              Type           Power      Damage    Failure   Level
a - Beastly Appendage     Tmut           10%        N/A       13%         1
b - Wereblood             Tmut           5%         N/A       21%         2
c - Spider Form           Tmut/Pois      2%         N/A       36%         3
d - Ice Form              Ice/Tmut       5%         N/A       78%         4
Your spell library was empty.

Dungeon Overview and Level Annotations

Branches:
Dungeon (1/15)

Altars:


Innate Abilities, Weirdness & Mutations

You have temporarily grown beastly horns.
You are flying.
You are immune to sickness and miasma.
You are immune to poison.
Your flesh is very heat resistant. (rF++)
You are vulnerable to cold. (rC-)
You float through the air rather than walking.
You learn spells naturally, not from books.
Your magical power is your life essence.
You have superior vitality. (+4 HP)


Message History

You now have 8 gold pieces.
A quokka and a goblin come into view.
There are monsters nearby!
The quokka closely misses you.
You miss the quokka. The quokka bites you.
You barely miss the quokka. The quokka closely misses you.
You grow a pair of large bovine horns.
The quokka bites you but does no damage.
You hit the quokka. You headbutt the quokka.
The quokka is severely wounded.
The quokka misses you. The goblin barely misses you.
You miss the quokka. Your headbutt misses the quokka.
The quokka is severely wounded.
The quokka barely misses you. The goblin hits you with a +0 club.
You closely miss the quokka.
The quokka is severely wounded.
The quokka barely misses you. The goblin barely misses you.
The quokka misses you.
You closely miss the quokka.
The quokka is severely wounded.
The quokka bites you. The goblin hits you with a +0 club.
You are too injured to fight recklessly!
You are too injured to fight recklessly!
You are too injured to fight recklessly!
You hit the quokka.
You kill the quokka!
You closely miss the goblin. The goblin hits you with a +0 club.
* * * LOW HITPOINT WARNING * * *
You hit the goblin.
The goblin is heavily wounded.
Your transformation is almost over.
The goblin barely misses you.
You hit the goblin but do no damage.
The goblin is heavily wounded.
The goblin hits you with a +0 club.
* * * LOW HITPOINT WARNING * * *
You completely miss the goblin.
The goblin is heavily wounded.
The goblin hits you with a +0 club.
You die...

.. .. .## ..##.#
#.##.#.# #
#.##.#.# .#
#.##g.#.#.#..#
#..†@...#.#..#
#####.#...#.###
##### ##.#.#>....
..... +....#.#.#
#....#
##.......####..#.#
#####.#.......#.#
#.........#..
###.#.....#.#
#.#.#...#..


You could see a goblin.

Vanquished Creatures
  An endoplasm (D:1)
  A hobgoblin (D:1)
  2 quokkas (D:1)
  A bat (D:1)
  A frilled lizard (D:1)
  A rat (D:1)
7 creatures vanquished.

Notes
Turn   | Place    | Note
-------+----------+-------------------------------------------
     0 | D:1      | nyamberluvr69 the Djinni Transmuter began the quest for the
                  | Orb.
     0 | D:1      | Reached XP level 1. HP: 17/17 MP: 0/0
   312 | D:1      | Reached XP level 2. HP: 17/22 MP: 0/0
   404 | D:1      | Slain by a goblin

Illustrated notes

Levels and vault maps discovered:
D:1:      heliophobic_arrival_glass_houses, layout_basic

Action                   || total
-------------------------++-------
Melee: Unarmed           ||    33
       Headbutt          ||     3
 Cast: Beastly Appendage ||     2
Armor: Robe              ||     4
Dodge: Dodged            ||    35

Table legend: (Time is in decaauts)
 A = Elapsed time spent in this place.
 B = Non-inter-level travel time spent in this place.
 C = Inter-level travel time spent in this place.
 D = Time resting spent in this place.
 E = Time spent auto-exploring this place.
 F = Levels seen in this place.
 G = Mean time per level.
                   A        B        C        D        E       F      G
               +--------+--------+--------+--------+--------+-----+--------+
         Total |    402 |    402 |      0 |    277 |     45 |   1 |  402.0 |
       Dungeon |    402 |    402 |      0 |    277 |     45 |   1 |  402.0 |
               +--------+--------+--------+--------+--------+-----+--------+

Top non-repeatable levels by time:
     D:1: 402 daAuts
